 Seeded DCSS version 0.30-a0-368-g86fb4627a9 (webtiles) character file.

Game seed: 4866231847754521613 (custom seed)

55 purpskrrrp the Sneak (level 3, -2/19 HPs)
             Began as a Spriggan Monk on Nov 18, 2022.
             Slain by an iguana (13 damage)
             ... on level 2 of the Dungeon.
             The game lasted 00:02:46 (1443 turns).

purpskrrrp the Sneak (Spriggan Monk)                Turns: 1443, Time: 00:02:47

Health: -2/19      AC:  2    Str:  7    XL:     3   Next: 67%
Magic:  4/4        EV: 19    Int: 11    God:
Gold:   99         SH:  0    Dex: 19    Spells: 2/2 levels left

rFire   + . .      SeeInvis +    m - +0 dagger
rCold   x . .      Faith    .    (no shield)
rNeg    . . .      Spirit   .    b - +0 robe
rPois   .          Reflect  .    (helmet restricted)
rElec   .          Harm     .    (no cloak)
rCorr   .          Rampage  .    (gloves unavailable)
Will    .....                    (boots unavailable)
Stlth   +++.......               (no amulet)
HPRegen 0.23/turn                j - ring "Rigofiyr" {Fire Slay+3}
MPRegen 0.09/turn                (no ring)

@: very quick
A: very small, no large weapons, unfitting armour, see invisible, speed 3
a: no special abilities


You were on level 2 of the Dungeon.
You visited 1 branch of the dungeon, and saw 2 of its levels.

You collected 99 gold pieces.

Inventory:

Hand Weapons
 a - a +0 short sword
 m - a +0 dagger (weapon)
Armour
 b - a +0 robe (worn)
Jewellery
 j - the ring "Rigofiyr" (left hand) {Fire Slay+3}
   (You acquired it on level 1 of the Dungeon)

   [ring of fire]

   It enhances your fire magic.
   Slay:      It affects your accuracy & damage with ranged weapons and melee
   (+3).
   rF:        It protects you from fire.
   rC:        It makes you vulnerable to cold.
 l - a ring of ice
Scrolls
 f - a scroll of enchant armour {unknown}
 g - 3 scrolls of teleportation {unknown}
 h - 3 scrolls of identify {unknown}
 i - 2 scrolls of magic mapping {unknown}
 n - a scroll of acquirement
 o - a scroll of noise {unknown}
Potions
 c - a potion of ambrosia
 d - 3 potions of mutation {unknown}
 e - a potion of degeneration {unknown}
 k - a potion of lignification {unknown}
 p - a potion of attraction {unknown}


   Skills:
 - Level 2.4 Fighting
 + Level 3.8 Short Blades
 + Level 4.6 Dodging
 * Level 5.0 Stealth


You had 2 spell levels left.
You didn't know any spells.
Your spell library was empty.

Dungeon Overview and Level Annotations

Branches:
Dungeon (2/15)

Altars:


Innate Abilities, Weirdness & Mutations

You are very small and have problems with some larger weapons.
You are too small for most types of armour.
You have supernaturally acute eyesight. (SInv)
You cover ground extremely quickly. (Speed+++)


Message History

No target in view!
No target in view!
No target in view!
No target in view!
No target in view!
No target in view!
No target in view!
No target in view!
p - a golden potion
Found a sling.
An iguana is nearby!
An iguana is nearby!
The iguana hisses angrily.
You barely miss the iguana. The iguana bites you.
You barely miss the iguana. You hit the iguana.
The iguana is lightly wounded.
The iguana closely misses you.
You hit the iguana but do no damage.
The iguana is lightly wounded.
The iguana closely misses you.
You hit the iguana but do no damage.
The iguana is lightly wounded.
The iguana barely misses you.
You hit the iguana but do no damage.
The iguana is lightly wounded.
The iguana completely misses you.
You hit the iguana but do no damage.
The iguana is lightly wounded.
You barely miss the iguana.
The iguana is lightly wounded.
The iguana bites you!
You hit the iguana. Your punch misses the iguana.
The iguana is moderately wounded.
The iguana misses you.
You hit the iguana but do no damage.
The iguana is moderately wounded.
The iguana bites you!
Ouch! That really hurt!
You die...

#.# #.# #.#.#
....# #.# #.#
#.# #.#.# #.#
#.# #.# #.#
#.#.# #.# #.##
#.# #.# #.#.#
#.# #...
#.###.###.#.#
#.# ####
#.......†...#
#.##
#####..######
#). ##
#.<...#######l#
#.
#.#..........@#
#.
#.#...#######.#
#. #.#.#.# #.#
#. #.....# #.#
#. ###.###
#.###### #. #.#
#......# #. #.#
######.# #. #.#
#.# #. #.# #.#
#.


You could see an iguana.

Vanquished Creatures
  An adder (D:2)
  2 dart slugs (D:1)
  3 endoplasms (D:1)
  4 goblins
  5 hobgoblins
  4 jackals (D:1)
  3 kobolds (D:1)
  A quokka (D:1)
  2 ball pythons (D:1)
  7 bats
  A frilled lizard (D:1)
  6 rats
39 creatures vanquished.

Notes
Turn   | Place    | Note
-------+----------+-------------------------------------------
     0 | D:1      | purpskrrrp the Spriggan Monk began the quest for the Orb.
     0 | D:1      | Reached XP level 1. HP: 11/11 MP: 2/2
   230 | D:1      | Reached XP level 2. HP: 6/16 MP: 3/3
   402 | D:1      | Reached skill level 4 in Stealth
   572 | D:1      | Reached XP level 3. HP: 19/19 MP: 4/4
   942 | D:1      | Identified a scroll of acquirement
   942 | D:1      | Acquired the ring "Rigofiyr" {Fire Slay+3}
   946 | D:1      | You fall into a shaft and drop 1 floor!
  1196 | D:2      | Reached skill level 5 in Stealth
  1443 | D:2      | Slain by an iguana

Illustrated notes

Levels and vault maps discovered:
D:1:      dpeg_arrival_arbitrary_c, layout_basic
D:2:      layout_loops_ring, kennysheep_minor_cross

Skill      XL: |  1  2  3 |
---------------+----------+-----
Stealth        | 4 5 |  5.0
Fighting       | |  2.4
Short Blades   | |  3.8
Dodging        | |  4.6

Action                   || total
-------------------------++-------
Melee: Short sword       ||   130
       Punch             ||     3
       Dagger            ||    26
  Use: Scroll            ||     1
 Stab: Sleeping          ||     6
Armor: Robe              ||    17
Dodge: Dodged            ||   127

Table legend: (Time is in decaauts)
 A = Elapsed time spent in this place.
 B = Non-inter-level travel time spent in this place.
 C = Inter-level travel time spent in this place.
 D = Time resting spent in this place.
 E = Time spent auto-exploring this place.
 F = Levels seen in this place.
 G = Mean time per level.
                   A        B        C        D        E       F      G
               +--------+--------+--------+--------+--------+-----+--------+
         Total |    990 |    944 |     46 |    126 |    553 |   2 |  495.0 |
       Dungeon |    990 |    944 |     46 |    126 |    553 |   2 |  495.0 |
               +--------+--------+--------+--------+--------+-----+--------+

Top non-repeatable levels by time:
     D:1: 718 daAuts
     D:2: 272 daAuts
